 Dungeon Crawl Stone Soup version 0.31-a0-431-g88bdf31460 (webtiles) character file.

Game seed: 13150765083955551918

1524 floatRand the Grappler (level 8, -6/58 (59) HPs)
             Began as a Black Draconian Shapeshifter on July 31, 2023.
             Was a Believer of Wu Jian.
             Mangled by an orc warrior
             ... wielding a +0 halberd of electrocution
              (10 damage)
             ... in a bailey.
             The game lasted 00:05:29 (5975 turns).

floatRand the Grappler (DrSh)                       Turns: 5975, Time: 00:05:29

HP:   -6/58 (59)    AC:  6    Str: 17    XL:     8   Next: 54%
MP:   8/8           EV: 12    Int: 10    God:    Wu Jian [**....]
Gold: 276           SH:  0    Dex: 13    Spells: 7/7 levels left

rFire   . .          .
                       - Unarmed
rCold   . . .        (no shield)
rNeg    . . .        (body armour unavailable)
rPois   .            (helmet currently unavailable)
rElec   +            (cloak currently unavailable)
rCorr   +            (gloves currently unavailable)
SInv    .            (boots currently unavailable)
Will    .....        i - amulet of regeneration
Stlth   +            h - ring of resist corrosion
HPRegen 1.09/turn    (no ring)
MPRegen 0.11/turn

%: no passive effects
@: short of breath, beast-form, lightly drained
A: beast (slay +4), breathe lightning, AC +6, unfitting armour, electricity
resistance, cold-blooded
a: Breathe Lightning, Begin Untransformation, Renounce Religion, Wall Jump


You were in a bailey.
You worshipped Wu Jian.
Wu Jian was pleased with you.
You were a hulking beast.
You visited 2 branches of the dungeon, and saw 8 of its levels.
You also visited: Bailey.

You collected 336 gold pieces.
You spent 60 gold pieces at shops.

Inventory:

Jewellery
 h - a ring of resist corrosion (left hand)
 i - an amulet of regeneration (around neck)
 n - an amulet of the acrobat
 t - a ring of magical power
Talismans
 b - a beast talisman (active)
Wands
 a - a wand of digging (4)
 l - a wand of flame (18)
 y - a wand of polymorph (10)
Scrolls
 d - 4 scrolls of noise {unknown}
 f - 4 scrolls of blinking {unknown}
 g - a scroll of fog {unknown}
 k - 3 scrolls of poison {unknown}
 m - 2 scrolls of teleportation
 o - 2 scrolls of enchant armour {unknown}
 p - a scroll of torment {unknown}
 r - 2 scrolls of fear {unknown}
 v - 2 scrolls of enchant weapon {unknown}
Potions
 c - 6 potions of curing
 e - 2 potions of resistance
 j - 2 potions of ambrosia
 q - 2 potions of brilliance
 s - a potion of lignification
 u - 2 potions of might {unknown}
 w - a potion of heal wounds {unknown}
 x - a potion of berserk rage {unknown}
 z - a potion of haste {unknown}


   Skills:
 - Level 1.1 Fighting
 - Level 1.7 Dodging
 * Level 9.3 Unarmed Combat
 + Level 6.0 Shapeshifting


You had 7 spell levels left.
You didn't know any spells.
Your spell library contained the following spells:

 Spells                   Type           Power      Damage    Failure   Level
 Kiss of Death            Conj/Necr      0%         2d5       36%         1
 Necrotise                Necr           0%         1d4       36%         1
 Vampiric Draining        Necr           0%         2d6       75%         3
 Sticky Flame             Conj/Fire      0%         2d3       98%         4
 Agony                    Necr           0%         N/A       100%        5
 Conjure Ball Lightning   Conj/Air       0%         3x3d6     100%        6


Dungeon Overview and Level Annotations

Branches:
Dungeon (7/15)             Temple (1/1) D:4          Bailey (1/1)

Altars:
Ashenzari
Cheibriados
Dithmenos
Elyvilon
Fedhas
Hepliaklqana
Kikubaaqudgha
Makhleb
Nemelex Xobeh
Qazlal
Ru
Trog
Uskayaw
Vehumet
Wu Jian
Xom
Yredelemnul
Zin

Shops:
D:2 ?   D:6 :

Annotations:
D:6 1 runed translucent door, Takeo's ghost, novice MiFi


Innate Abilities, Weirdness & Mutations

You are a hulking beast.
Your limbs bulge with bestial killing power. (Slay +4)
You can breathe wild blasts of lightning.
Your glossy black scales are hard. (AC +6)
You cannot fit into any form of body armour.
You are resistant to electric shocks. (rElec)
You are cold-blooded and may be slowed by cold attacks.


Message History

There is an open door, spattered with blood here.
The orc warrior hits you with a +0 halberd of electrocution.
The orc barely misses you.
Things that are here:
a +2 halberd of electrocution; a potion of brilliance; a gnoll corpse Unknown command.
You spin and attack the orc warrior.
You punch the orc warrior!
Your tail-slap misses the orc warrior.
The orc warrior is moderately wounded.
You spin and attack the orc.
You barely miss the orc.
The orc warrior hits you with a +0 halberd of electrocution!
The orc hits you with a +0 halberd.
Things that are here:
a +1 halberd of draining; a bubbling ruby potion; a gnoll corpse You are too injured to fight recklessly!
You are too injured to fight recklessly!
Unknown command.
You are too injured to fight recklessly!
Unknown command.
You are too injured to fight recklessly!
Unknown command.
You hit the orc warrior but do no damage.
You tail-slap the orc warrior, but do no damage.
The orc warrior is moderately wounded.
The orc warrior hits you with a +0 halberd of electrocution.
The orc closely misses you.
You hit the orc warrior.
The orc warrior is heavily wounded.
The orc warrior closely misses you. The orc closely misses you.
You hit the orc warrior but do no damage.
The orc warrior is heavily wounded.
You closely miss the orc warrior.
The orc warrior is heavily wounded.
The orc warrior hits you with a +0 halberd of electrocution!!
* * * LOW HITPOINT WARNING * * *
The orc barely misses you.
You hit the orc warrior. You tail-slap the orc warrior.
The orc warrior is severely wounded.
The orc warrior hits you with a +0 halberd of electrocution!
You die...

#'##'##'###'##+##'##
#.# #.# #.#)## ##.#
## ### #### ### #'#
#.# #. #.#.###.###.#
#'##'##'###'##'##'##
#!.!.!# ##.....##
#.).!.#####.....###
+!.).!'.#)'..⌠..'.#
#.!.ho# ###.....###
#!.!o)## ##.....##
+##+##'###'##'##'##
##)'.###)###)# #####
### ###


You could see an orc warrior and an orc.

Vanquished Creatures
  Grinder (D:4)
  An ice beast (D:5)
  A sky beast (D:6)
  An orc warrior (D:7)
  A phantom (D:4)
  A bullfrog (D:6)
  A scorpion (D:6)
  A jelly (D:5)
  4 hounds
  2 orc priests (D:4)
  6 iguanas
  2 sleepcaps
  6 orc wizards
  10 gnolls
  3 adders
  2 shadow imps
  3 ufetubi
  A worm (D:2)
  2 dart slugs
  32 orcs
  3 ball pythons
  4 endoplasms
  4 giant cockroaches
  9 goblins
  11 hobgoblins
  7 jackals
  A quokka (D:2)
  7 bats
  3 frilled lizards
  6 kobolds
  3 rats
139 creatures vanquished.

Notes
Turn   | Place    | Note
-------+----------+-------------------------------------------
     0 | D:1      | floatRand the Draconian Shapeshifter began the quest for
                  | the Orb.
     0 | D:1      | Reached XP level 1. HP: 16/16 MP: 1/1
   154 | D:1      | Reached XP level 2. HP: 22/23 MP: 2/2
   745 | D:2      | Reached XP level 3. HP: 28/28 MP: 3/3
   983 | D:2      | Reached skill level 4 in Unarmed Combat
  1434 | D:2      | Found The Oracle's Delphic Readings.
  1438 | D:2      | Bought a scroll of teleportation for 36 gold pieces
  1438 | D:2      | Bought a scroll of identify for 24 gold pieces
  1638 | D:3      | You fall into a shaft and drop 1 floor!
  1667 | D:4      | Found a staircase to the Ecumenical Temple.
  1672 | D:4      | Noticed Grinder
  1678 | D:4      | Paralysed by Grinder for 3 turns
  1682 | D:4      | Killed Grinder
  1683 | D:4      | Reached skill level 5 in Unarmed Combat
  1683 | D:4      | Reached XP level 4. HP: 35/35 MP: 4/4
  1683 | D:4      | Reached XP level 5. HP: 40/40 MP: 5/5
  1726 | Temple   | Entered the Ecumenical Temple
  1732 | Temple   | Became a worshipper of the Wu Jian Council
  1824 | D:3      | Found a faded altar of an unknown god.
  1912 | D:3      | Found a basalt altar of Yredelemnul.
  2451 | D:4      | Reached XP level 6. HP: 47/47 MP: 6/6
  2562 | D:4      | Reached * piety under Wu Jian
  2563 | D:4      | Reached skill level 6 in Unarmed Combat
  2976 | D:4      | Got Tyn Siaj's Folio of Kinetic Energy
  2989 | D:4      | Your scales start taking on a glossy black colour.
  2989 | D:4      | Reached XP level 7. HP: 52/52 MP: 7/7
  2989 | D:4      | Gained mutation: You are resistant to electric shocks.
                  | (rElec) [Black Draconian growth]
  3128 | D:4      | Reached skill level 7 in Unarmed Combat
  3353 | D:5      | Entered Level 5 of the Dungeon
  3655 | D:5      | Reached skill level 5 in Shapeshifting
  3868 | D:5      | Identified the +0 plate armour of Isetsenn {+Blink Int+5
                  | SInv Stlth-}
  4612 | D:6      | Found a runed translucent door.
  4643 | D:6      | Found a shimmering altar of Xom.
  4798 | D:6      | Found Nekkum's Book Shop.
  4843 | D:6      | Reached skill level 8 in Unarmed Combat
  4852 | D:6      | Found a sparkling altar of Nemelex Xobeh.
  4903 | D:6      | Reached XP level 8. HP: 56/59 MP: 8/8
  5421 | D:6      | Noticed Takeo's ghost (novice MiFi)
  5655 | D:7      | Reached skill level 9 in Unarmed Combat
  5780 | D:7      | Found a flagged portal.
  5793 | Bailey   | Entered a bailey
  5809 | Bailey   | Reached ** piety under Wu Jian
  5975 | Bailey   | Mangled by an orc warrior

Illustrated notes

Levels and vault maps discovered:
D:1:      dpeg_arrival_leaves_temple_mockup, layout_loops_ring
D:2:      minmay_evil_eye, layout_loops_corners, nicolae_nh_oracle_at_delphi
D:3:      layout_basic, marbit_many_paths, chequers_ecumenical_altar_lobes
D:4:      layout_loops_ring, minmay_temple_entry_mini_moons,
          grunt_decor_junction, uniq_grinder
D:5:      layout_basic, nicolae_concentric_dashed_squares_wild
D:6:      layout_cave_pods, mainiacjoe_overflow_tiny_flanked,
          nicolae_overflow_crystal_walls, serial_shops,
          nicolae_shop_pleasant_corner_grove, gammafunk_ghost_grave,
          chequers_decorated_corner, dk_noncrumbling_2
D:7:      layout_rooms, mainiacjoe_overflow_catch_the_wave, enter_bailey_5,
          uniq_crazy_yiuf_cottage
Temple:   eino_wide_crystal_templ
Bailey:   bailey_polearm_nasty_gnolls, bailey

Skill      XL: |  1  2  3  4  5  6  7  8 |
---------------+-------------------------+-----
Unarmed Combat | 5 6 8 9 |  9.3
Shapeshifting  | 4 5 6 |  6.0
Fighting       | |  1.1
Dodging        | |  1.7

Action                     |  1- 3 |  4- 6 |  7- 9 || total
---------------------------+-------+-------+-------++-------
  Melee: Unarmed           |    99 |    82 |   160 ||   341
         Punch             |     4 |     3 |    12 ||    19
         Tailslap          |     8 |    12 |    27 ||    47
Ability: Lunge             |       |    10 |    18 ||    28
         Breathe Lightning |       |       |    18 ||    18
         Whirlwind         |       |       |     8 ||     8
    Use: Scroll            |     2 |       |     3 ||     5
         Potion            |     1 |     1 |       ||     2
   Stab: Sleeping          |     1 |       |     4 ||     5
 Armour: Skin              |    28 |    11 |    43 ||    82
  Dodge: Dodged            |    68 |    26 |   103 ||   197

Table legend: (Time is in decaauts)
 A = Elapsed time spent in this place.
 B = Non-inter-level travel time spent in this place.
 C = Inter-level travel time spent in this place.
 D = Time resting spent in this place.
 E = Time spent auto-exploring this place.
 F = Levels seen in this place.
 G = Mean time per level.
                   A        B        C        D        E       F      G
               +--------+--------+--------+--------+--------+-----+--------+
         Total |   5941 |   5752 |    189 |    483 |   4230 |   9 |  660.1 |
       Dungeon |   5749 |   5560 |    189 |    455 |   4149 |   7 |  821.3 |
        Temple |     12 |     12 |      0 |      0 |      0 |   1 |   12.0 |
        Bailey |    178 |    178 |      0 |     28 |     81 |   1 |  178.0 |
               +--------+--------+--------+--------+--------+-----+--------+

Top non-repeatable levels by time:
     D:5: 1239 daAuts
     D:4: 1065 daAuts
     D:6: 1032 daAuts
     D:2: 950 daAuts
     D:1: 678 daAuts
     D:3: 628 daAuts
  Bailey: 178 daAuts
     D:7: 153 daAuts
  Temple: 12 daAuts
